[Event "Titled Tuesday Blitz November 15 Early 2022"]
[White "Oro, Faustino"]
[Black "Pichot, Alan"]
[WhiteFideId "20000197"]
[BlackFideId "110973"]
[WhiteElo "2066"]
[BlackElo "2560"]
[Result "1/2-1/2"]
[Round "03"]
[TimeControl "180+1"]
[Date "2022.11.16"]
[WhiteClock "0:00:05"]
[BlackClock "0:00:04"]

1. e4 e5 2. Nf3 Nc6 3. d4 exd4 4. Nxd4 Nf6 5. Nc3 Bb4 6. Nxc6 bxc6 7. Bd3 d5 8. Bd2 O-O 9. O-O Rb8 10. exd5 cxd5 11. b3 Bg4 12. Ne2 Bd6 13. h3 Bh5 14. Qc1 c5 15. Nf4 Bg6 16. Nxg6 hxg6 17. c3 Qc7 18. Qc2 c4 19. bxc4 dxc4 20. Be2 Be5 21. Rab1 a5 22. a4 Rfd8 23. Rfd1 Rxb1 24. Rxb1 Bh2+ 25. Kh1 Bf4 26. Rd1 g5 27. g3 Bxd2 28. Rxd2 Rxd2 29. Qxd2 Qc6+ 30. Kh2 Qxa4 31. Qd4 Qc6 32. Bxc4 Qf3 33. Bd3 g6 34. c4 a4 35. c5 a3 36. Bc4 Kg7 37. Kg1 Qf5 38. c6 Qb1+ 39. Kg2 a2 40. c7 Qb7+ 41. Kh2 Qxc7 42. Bxa2 Qa5 43. Bc4 Qf5 44. Bd3 Qf3 45. Kg1 g4 46. h4 Kg8 47. Bc4 Qc6 48. Bf1 Kg7 49. Qe3 Qd5 50. Qf4 Qe6 51. Qe3 Qxe3 52. fxe3 Ne4 53. Kg2 f5 54. Bd3 Nc5 55. Bc2 Kf6 56. Kf2 Ke5 57. Ke2 Nd7 58. Bb3 Kf6 59. Kd3 Ne5+ 60. Kd4 Nf3+ 61. Kd3 Nh2 62. Ke2 Nf3 63. Bd5 Ne5 64. Kd2 Kg7 65. Kc3 Nd7 66. Kd4 Nf6 67. Be6 Nh5 68. e4 Nxg3 69. exf5 Nxf5+ 70. Ke4 Kf6 71. Bc8 g3 72. Kf3 Nd6 73. Bh3 Nf7 74. Kxg3 Ne5 75. Bg2 Kg7 76. Bh3 Kh6 77. Bg2 g5 78. hxg5+ Kxg5 1/2-1/2


[Site "https://www.chess.com"]

[Event "Titled Tuesday Blitz November 15 Early 2022"]
[White "Ovchinnikov, Vsevolod"]
[Black "Mohammed, Zozek Salah Mohammed"]
[WhiteFideId "24176842"]
[BlackFideId "4803361"]
[WhiteElo "2376"]
[BlackElo "2199"]
[Result "1-0"]
[Round "03"]
[TimeControl "180+1"]
[Date "2022.11.16"]
[WhiteClock "0:00:15"]
[BlackClock "0:00:13"]

1. d4 Nf6 2. c4 g6 3. Nc3 d5 4. Nf3 Bg7 5. h4 c5 6. dxc5 Be6 7. Ng5 Bf5 8. cxd5 Qa5 9. Bd2 Qxc5 10. e4 Bd7 11. Be3 Qb4 12. Qb3 Qxb3 13. axb3 O-O 14. f3 h6 15. Nh3 e6 16. dxe6 Bxe6 17. Nf4 Bxb3 18. Rxa7 Rxa7 19. Bxa7 Nc6 20. Be3 Ra8 21. Kf2 Ra1 22. g4 Ne5 23. g5 hxg5 24. hxg5 Nfd7 25. Rg1 Bf8 26. Be2 Rxg1 27. Kxg1 Nc4 28. Bxc4 Bxc4 29. Kf2 Ne5 30. Bd4 Nd3+ 31. Nxd3 Bxd3 32. Nd5 Bd6 33. Ke3 Bf1 34. f4 Kf8 35. b4 Bc4 36. Bc5 Bxc5+ 37. bxc5 Ke8 38. Kd4 Ba2 39. Ke5 Kd7 40. Kf6 Kc6 41. Nb4+ Kxc5 42. Nxa2 1-0


[Site "https://www.chess.com"]

[Event "Titled Tuesday Blitz November 15 Early 2022"]
[White "Ozen, Bahadir"]
[Black "Richter, Paul"]
[WhiteFideId "6337058"]
[BlackFideId "2046350"]
[WhiteElo "2853"]
[BlackElo "2569"]
[Result "1-0"]
[Round "03"]
[TimeControl "180+1"]
[Date "2022.11.16"]
[WhiteClock "0:00:07"]
[BlackClock "0:00:07"]

1. g3 Nf6 2. Bg2 g6 3. d3 Bg7 4. Nf3 O-O 5. O-O d6 6. e4 e5 7. c3 c6 8. b4 a5 9. Nbd2 Nbd7 10. Bb2 d5 11. a3 axb4 12. axb4 Rxa1 13. Qxa1 Re8 14. Re1 Qb6 15. h3 h5 16. Qa3 Bf8 17. Qb3 Bg7 18. Ra1 Nf8 19. Ra8 Be6 20. Rxe8 Nxe8 21. Ng5 dxe4 22. Nxe6 Nxe6 23. dxe4 Qd8 24. Nf3 Nd6 25. Qc2 Nc4 26. Bc1 b5 27. Bf1 Bf6 28. h4 Qd6 29. Nd2 Nxd2 30. Bxd2 Nf8 31. Be3 Nd7 32. Be2 Bd8 33. Qd2 Qxd2 34. Bxd2 Bb6 35. Kg2 Kf8 36. f4 exf4 37. gxf4 Ke7 38. Kf3 Ke6 39. Bd1 Bd8 40. Bb3+ Ke7 41. Be1 Ke8 42. e5 Nf8 43. Ke4 Ne6 44. f5 Ng7 45. f6 Nf5 46. Bf2 Bc7 47. Ba2 Nh6 48. c4 bxc4 49. Bxc4 Ng4 50. Bd4 Bd8 51. Bb3 Bc7 52. Ba4 Kd7 53. Bb3 Ke8 54. Ba2 Bd8 55. Bc4 Bc7 56. b5 cxb5 57. Bxb5+ Kf8 58. Bd7 Bd8 59. Bc5+ Kg8 60. Bxg4 hxg4 61. Kf4 Bc7 62. Bd6 Ba5 63. Kxg4 Bc3 64. h5 gxh5+ 65. Kxh5 Bb2 66. Kg5 Bc3 67. Kf5 Bb2 68. Ke4 Bc3 69. Kd5 Bb2 70. Kc6 Ba1 71. Kd7 Bb2 72. Ke7 Bc3 73. Ke8 Bb2 74. e6 1-0


[Site "https://www.chess.com"]

[Event "Titled Tuesday Blitz November 15 Early 2022"]
[White "Pajeken, Jakob Leon"]
[Black "Nugumanov, Bakhtiyar"]
[WhiteFideId "12942839"]
[BlackFideId "13701797"]
[WhiteElo "2429"]
[BlackElo "2287"]
[Result "1-0"]
[Round "03"]
[TimeControl "180+1"]
[Date "2022.11.16"]
[WhiteClock "0:00:35"]
[BlackClock "0:00:01"]

1. Nf3 d5 2. d4 Nf6 3. c4 e6 4. Nc3 a6 5. cxd5 exd5 6. Bg5 Be7 7. e3 c6 8. Bd3 Nbd7 9. h3 O-O 10. Qc2 Re8 11. O-O Nf8 12. Ne5 Ne4 13. Bf4 f6 14. Nf3 Nxc3 15. bxc3 Be6 16. c4 c5 17. cxd5 Bxd5 18. e4 Bf7 19. dxc5 Rc8 20. Be3 Ne6 21. e5 Nxc5 22. Bxh7+ Kh8 23. Bg6 Bxg6 24. Qxg6 Qd3 25. Qf7 Qh7 26. Bxc5 Bxc5 27. exf6 gxf6 28. Qxf6+ Qg7 29. Qxg7+ Kxg7 30. Rfe1 Red8 31. Rad1 Bb4 32. Rxd8 Rxd8 33. Rb1 a5 34. g4 b6 35. Kg2 Rd3 36. Rb2 Bc5 37. h4 a4 38. h5 a3 39. Re2 Rd5 40. g5 b5 41. h6+ Kh7 42. Kg3 b4 43. Kg4 Bd6 44. Kh5 Bf4 45. Re7+ Kg8 46. Rb7 Rd6 47. Rxb4 Bc1 48. Rb8+ Kh7 49. Ne5 Rd5 50. g6# 1-0


[Site "https://www.chess.com"]

[Event "Titled Tuesday Blitz November 15 Early 2022"]
[White "Paravyan, David"]
[Black "Injac, Teodora"]
[WhiteFideId "4194985"]
[BlackFideId "932400"]
[WhiteElo "3027"]
[BlackElo "2734"]
[Result "1-0"]
[Round "03"]
[TimeControl "180+1"]
[Date "2022.11.16"]
[WhiteClock "0:01:05"]
[BlackClock "0:00:04"]

1. e4 e5 2. Nf3 Nc6 3. Nc3 Nf6 4. d4 exd4 5. Nxd4 Bb4 6. Nxc6 bxc6 7. Bd3 d5 8. Bd2 O-O 9. O-O Rb8 10. Re1 Ng4 11. h3 Ne5 12. Bf1 d4 13. Na4 Bxh3 14. f4 Bg4 15. Qc1 Ng6 16. Bxb4 Rxb4 17. Nc5 Qh4 18. Nd3 Rbb8 19. f5 Ne7 20. Qf4 Rbc8 21. g3 Qh5 22. Nf2 Bxf5 23. exf5 Qxf5 24. Rxe7 Qxc2 25. Bd3 Qxb2 26. Rae1 Qb4 27. Kg2 Qd6 28. Qh4 g6 29. Ng4 h5 30. Nf6+ Kg7 31. Nxh5+ gxh5 32. Qg5+ Kh8 33. Qxh5+ Kg7 34. Qh7+ Kf6 35. Qh6# 1-0


[Site "https://www.chess.com"]

[Event "Titled Tuesday Blitz November 15 Early 2022"]
[White "Parpiev, Isaak"]
[Black "Iturrizaga Bonelli, Eduardo"]
[WhiteFideId "34281576"]
[BlackFideId "3901211"]
[WhiteElo "2094"]
[BlackElo "2637"]
[Result "0-1"]
[Round "03"]
[TimeControl "180+1"]
[Date "2022.11.16"]
[WhiteClock "0:00:02"]
[BlackClock "0:00:17"]

1. d4 Nf6 2. c4 e6 3. Nc3 Bb4 4. e3 O-O 5. Bd3 d5 6. a3 Bxc3+ 7. bxc3 dxc4 8. Bxc4 b6 9. Ne2 Bb7 10. O-O c5 11. Bd3 Nc6 12. f4 Qd5 13. e4 Qh5 14. e5 Nd5 15. dxc5 Rfd8 16. Qc2 bxc5 17. Ng3 Qh4 18. Rb1 Nb6 19. Be3 Rd5 20. Be4 Rd7 21. Bxc5 Rad8 22. Rf2 g6 23. Bd6 Na5 24. Bc5 Nac4 25. Bxb7 Rxb7 26. Ne4 Rbd7 27. Nf6+ Kg7 28. Nxd7 Rxd7 29. Bd4 Nxa3 30. Qa2 Nxb1 31. Qxb1 Nd5 32. g3 Qh5 33. Kg2 Rc7 34. Qb3 Qf5 35. h3 Qe4+ 36. Kh2 h5 37. Qa3 h4 38. Qc1 hxg3+ 39. Kxg3 Qxd4 40. cxd4 Rxc1 0-1


[Site "https://www.chess.com"]

[Event "Titled Tuesday Blitz November 15 Early 2022"]
[White "Perez Rodriguez, Jennifer"]
[Black "Maksimovic, Bojan"]
[WhiteFideId "3507831"]
[BlackFideId "14408120"]
[WhiteElo "2170"]
[BlackElo "2447"]
[Result "0-1"]
[Round "03"]
[TimeControl "180+1"]
[Date "2022.11.16"]
[WhiteClock "0:00:32"]
[BlackClock "0:00:18"]

1. e4 d6 2. d4 Nf6 3. Nc3 e5 4. dxe5 dxe5 5. Qxd8+ Kxd8 6. Bc4 Ke8 7. Nf3 Bd6 8. Bg5 c6 9. O-O-O Bc7 10. a4 Nbd7 11. b4 h6 12. Bd2 Ke7 13. Kb2 Nb6 14. Bb3 Be6 15. a5 Nc4+ 16. Ka2 b6 17. a6 Bd6 18. b5 Nxd2 19. Rxd2 Bb4 20. Rd3 Bxc3 21. Rxc3 cxb5 22. Nxe5 Nxe4 23. Re3 Nc5 24. Bxe6 Nxe6 25. Rhe1 Rhc8 26. Nxf7 Kxf7 27. Rxe6 Rxc2+ 28. Kb3 Rxf2 29. Re7+ Kg8 30. Rb7 Rxg2 31. Ree7 Rf8 32. Rxa7 Rf3+ 33. Kb4 Rb2# 0-1


[Site "https://www.chess.com"]

[Event "Titled Tuesday Blitz November 15 Early 2022"]
[White "Petrosyan, Manuel"]
[Black "Fernandez Guillen, Ernesto J."]
[WhiteFideId "13300857"]
[BlackFideId "3512428"]
[WhiteElo "2561"]
[BlackElo "2450"]
[Result "1/2-1/2"]
[Round "03"]
[TimeControl "180+1"]
[Date "2022.11.15"]
[WhiteClock "0:00:04"]
[BlackClock "0:00:21"]

1. Nf3 Nf6 2. g3 g6 3. Bg2 Bg7 4. O-O O-O 5. c4 d5 6. cxd5 Nxd5 7. d4 c6 8. e4 Nb6 9. h3 N8d7 10. Nc3 e5 11. d5 cxd5 12. exd5 f5 13. Ng5 Nf6 14. Qb3 Kh8 15. Be3 f4 16. Bc5 h6 17. Bxf8 hxg5 18. Bxg7+ Kxg7 19. Rad1 Qh8 20. Qb4 Kf7 21. Qd6 Bxh3 22. Qxe5 Bxg2 23. Kxg2 f3+ 24. Kg1 Nbd7 25. Qe6+ Kg7 26. Qe7+ Kg8 27. Rfe1 g4 28. Qe6+ Kg7 29. Qe7+ Kg8 30. Qe6+ Kg7 31. Qe7+ Kg8 1/2-1/2


[Site "https://www.chess.com"]

[Event "Titled Tuesday Blitz November 15 Early 2022"]
[White "Piesik, Piotr"]
[Black "Chernomordik, Pavel"]
[WhiteFideId "1136194"]
[BlackFideId "2804530"]
[WhiteElo "2316"]
[BlackElo "2192"]
[Result "1/2-1/2"]
[Round "03"]
[TimeControl "180+1"]
[Date "2022.11.16"]
[WhiteClock "0:00:21"]
[BlackClock "0:00:14"]

1. Nf3 g6 2. g3 Bg7 3. d4 d6 4. Bg2 Nf6 5. O-O O-O 6. Nbd2 c5 7. dxc5 dxc5 8. e4 Nc6 9. c3 Qc7 10. Qc2 Rd8 11. Re1 Rb8 12. a4 b6 13. Nc4 Be6 14. Bf4 Qc8 15. Bxb8 Bxc4 16. Be5 Bd3 17. Qc1 Nxe4 18. Bxg7 Kxg7 19. Qf4 f5 20. Ne5 g5 21. Qe3 Nxe5 22. Bxe4 fxe4 23. Qxg5+ Ng6 24. a5 b5 25. b4 h6 26. Qh5 Qc6 27. Rad1 Rd5 28. Qg4 h5 29. Qh3 Ne5 30. Re3 Nf3+ 31. Kg2 cxb4 32. cxb4 Qc2 33. Qe6 Qxd1 34. Qxe7+ Kg8 35. Qe8+ Kg7 36. Qe7+ Kg6 37. Qe6+ Kg7 38. Qe7+ 1/2-1/2


[Site "https://www.chess.com"]

[Event "Titled Tuesday Blitz November 15 Early 2022"]
[White "Pinheiro, Iung Alicio de O."]
[Black "Georg, Heinz"]
[WhiteFideId "2104350"]
[BlackFideId "4607295"]
[WhiteElo "2283"]
[BlackElo "2297"]
[Result "0-1"]
[Round "03"]
[TimeControl "180+1"]
[Date "2022.11.16"]
[WhiteClock "0:00:04"]
[BlackClock "0:00:12"]

1. e4 e5 2. Bc4 Nf6 3. d3 c6 4. Nf3 d5 5. Bb3 Bd6 6. O-O h6 7. Nc3 Be6 8. exd5 cxd5 9. Nb5 O-O 10. c4 d4 11. Re1 Nc6 12. Nxd6 Qxd6 13. Ba4 Nd7 14. a3 a5 15. Bd2 f6 16. Rb1 Nc5 17. Bc1 Bg4 18. Bxc6 bxc6 19. b4 axb4 20. axb4 Na4 21. Bd2 Rfd8 22. h3 Nc3 23. Bxc3 Bxf3 24. Qxf3 dxc3 25. Rbd1 Ra2 26. b5 cxb5 27. cxb5 Rb2 28. Rc1 c2 29. Qe4 Qxd3 30. Qc6 Rd5 31. b6 Rdb5 32. Qc8+ Kh7 33. Re3 Qd1+ 34. Kh2 e4 0-1


[Site "https://www.chess.com"]

[Event "Titled Tuesday Blitz November 15 Early 2022"]
[White "Postnikov, Daniil"]
[Black "Zacurdajev, Dmitry"]
[WhiteFideId "4166329"]
[BlackFideId "4196309"]
[WhiteElo "2261"]
[BlackElo "2179"]
[Result "1-0"]
[Round "03"]
[TimeControl "180+1"]
[Date "2022.11.16"]
[WhiteClock "0:00:22"]
[BlackClock "0:00:09"]

1. e4 c6 2. d4 d5 3. e5 c5 4. Nf3 Nc6 5. dxc5 e6 6. Be3 Qc7 7. Bb5 Bd7 8. Bxc6 Bxc6 9. c3 Ne7 10. Nbd2 Nf5 11. Bd4 Bb5 12. a4 Ba6 13. b4 Bd3 14. g4 Nxd4 15. cxd4 Be7 16. Qb3 Bg6 17. O-O h5 18. g5 h4 19. Qe3 Rh5 20. Kh1 h3 21. Rg1 b6 22. Rac1 Kf8 23. Rg3 a6 24. Ng1 Qc6 25. Nxh3 bxc5 26. bxc5 Qxa4 27. Nf4 Rb8 28. Qf3 Rh4 29. Nxg6+ 1-0


[Site "https://www.chess.com"]

[Event "Titled Tuesday Blitz November 15 Early 2022"]
[White "Quintiliano Pinto, Renato R."]
[Black "Madaminov, Mukhiddin"]
[WhiteFideId "2117568"]
[BlackFideId "14210703"]
[WhiteElo "2472"]
[BlackElo "2341"]
[Result "0-1"]
[Round "03"]
[TimeControl "180+1"]
[Date "2022.11.15"]
[WhiteClock "0:01:15"]
[BlackClock "0:01:17"]

1. e4 e5 2. Nf3 Nc6 3. Bc4 Nf6 4. d3 h6 5. h3 d6 6. c3 g5 7. Nbd2 Bg7 8. a4 O-O 9. b4 d5 10. exd5 Nxd5 11. Ne4 Nce7 12. Bd2 Ng6 13. Bxg5 hxg5 14. Nfxg5 Bf5 15. Qf3 Bxe4 16. Nxe4 c6 17. h4 f5 18. Ng5 Rf6 19. O-O Nxh4 20. Qh5 Rh6 21. Qf7+ Kh8 22. Ne6 Rxe6 23. Qxe6 Nf4 24. Qf7 Nf3+ 0-1


[Site "https://www.chess.com"]

[Event "Titled Tuesday Blitz November 15 Early 2022"]
[White "Quispe Santacruz, Javier"]
[Black "Koridze, Lile"]
[WhiteFideId "3800920"]
[BlackFideId "13612514"]
[WhiteElo "1930"]
[BlackElo "2050"]
[Result "1-0"]
[Round "03"]
[TimeControl "180+1"]
[Date "2022.11.16"]
[WhiteClock "0:01:09"]
[BlackClock "0:01:17"]

1. d4 Nf6 2. c4 e6 3. Nf3 d5 4. cxd5 exd5 5. Nc3 c6 6. Bg5 g6 7. e3 Bf5 8. Bd3 Bxd3 9. Qxd3 Bg7 10. O-O O-O 11. Rab1 Qd6 12. Bf4 Qe6 13. Ng5 Qe7 14. b4 a6 15. a4 Nbd7 16. Rfd1 Rfe8 17. Nf3 Ne4 18. Nd2 Ndf6 19. Ndxe4 dxe4 20. Qc4 Qd7 21. b5 axb5 22. axb5 Nd5 23. bxc6 bxc6 24. Bg3 Bf6 25. Rdc1 Rac8 26. h3 Qf5 27. Na4 h5 28. h4 Qg4 29. Nb6 Nxb6 30. Rxb6 c5 31. Rxf6 Re7 32. dxc5 1-0


[Site "https://www.chess.com"]

[Event "Titled Tuesday Blitz November 15 Early 2022"]
[White "Quizon, Daniel"]
[Black "Jobava, Baadur"]
[WhiteFideId "5217911"]
[BlackFideId "13601520"]
[WhiteElo "2380"]
[BlackElo "2582"]
[Result "1/2-1/2"]
[Round "03"]
[TimeControl "180+1"]
[Date "2022.11.15"]
[WhiteClock "0:00:05"]
[BlackClock "0:00:08"]

1. Nf3 d5 2. g3 c6 3. Bg2 Bf5 4. O-O e6 5. d3 Nf6 6. c4 Nbd7 7. cxd5 exd5 8. Nc3 Be7 9. Bf4 O-O 10. a3 Re8 11. Rc1 h6 12. Re1 Bh7 13. b4 a5 14. Qb3 axb4 15. axb4 Bf8 16. e4 dxe4 17. dxe4 Nxe4 18. Red1 Qe7 19. Nxe4 Bxe4 20. Bd6 Qf6 21. Bxf8 Nxf8 22. b5 cxb5 23. Nd4 Bxg2 24. Kxg2 Rad8 25. Qxb5 Re5 26. Qb3 Red5 27. Nf3 Rxd1 28. Rxd1 Rxd1 29. Qxd1 Qc6 30. Kg1 Qe4 31. Qb3 Ne6 32. h4 g6 33. Qc3 Qc6 34. Qd3 b5 35. Ne5 Qc5 36. Ng4 Kg7 37. Qd2 g5 38. hxg5 hxg5 39. Qb2+ Qd4 40. Qe2 b4 41. Ne3 Qe4 42. Qb5 Kg6 43. Qb8 Nd4 44. Qg8+ Kf6 45. Qd8+ Kg6 46. Qg8+ Kf6 47. Qh8+ Ke7 48. Qxd4 Qxd4 49. Nf5+ Ke6 50. Nxd4+ Kd5 51. Nb3 Kc4 52. Na5+ Kb5 53. Nb3 Kc4 54. Nc1 b3 55. Nxb3 Kxb3 56. Kg2 Kc4 57. Kf3 Kd3 58. Kg4 Ke2 59. f3 f6 60. f4 gxf4 61. gxf4 Ke3 62. Kf5 Kf3 63. Kxf6 Kxf4 1/2-1/2


[Site "https://www.chess.com"]

[Event "Titled Tuesday Blitz November 15 Early 2022"]
[White "Ravot, Sylvain"]
[Black "Andreev, Eduard"]
[WhiteFideId "627763"]
[BlackFideId "14103400"]
[WhiteElo "2195"]
[BlackElo "2368"]
[Result "0-1"]
[Round "03"]
[TimeControl "180+1"]
[Date "2022.11.16"]
[WhiteClock "0:01:09"]
[BlackClock "0:02:29"]

1. e4 c6 2. d4 d5 3. exd5 cxd5 4. Bd3 Nc6 5. c3 Qc7 6. Ne2 Nf6 7. O-O Bg4 8. Qe1 e6 9. f3 Bh5 10. Qh4 Bd6 11. Bg5 Bg6 12. Bxg6 fxg6 13. Bxf6 gxf6 14. Qxf6 Kd7 15. f4 Raf8 16. Qg7+ Ne7 17. g3 Kc8 18. Na3 Qb6 19. Rab1 Nf5 0-1


[Site "https://www.chess.com"]

[Event "Titled Tuesday Blitz November 15 Early 2022"]
[White "Rose, Felix"]
[Black "Dehtiarov, Roman"]
[WhiteFideId "5105722"]
[BlackFideId "14186640"]
[WhiteElo "2039"]
[BlackElo "2200"]
[Result "0-1"]
[Round "03"]
[TimeControl "180+1"]
[Date "2022.11.16"]
[WhiteClock "0:01:13"]
[BlackClock "0:01:10"]

1. e4 e5 2. Nf3 Nc6 3. Bb5 a6 4. Ba4 Nf6 5. O-O Be7 6. Re1 b5 7. Bb3 d6 8. c3 O-O 9. h3 Nb8 10. d4 Nbd7 11. Nbd2 Bb7 12. Bc2 Re8 13. Nf1 Bf8 14. Ng3 g6 15. Bd2 Bg7 16. Qc1 c5 17. d5 c4 18. b4 cxb3 19. axb3 Qc7 20. Nh2 Nc5 21. Bh6 a5 22. Qg5 Bxh6 23. Qxh6 Qe7 24. Re3 Qf8 25. Qg5 Qg7 26. Rf3 Nfd7 27. Ng4 Rf8 28. Qe7 f6 29. Qxg7+ Kxg7 30. Ne3 a4 31. b4 Nb3 32. Bxb3 axb3 33. Rb1 Ra3 34. Ne2 Rfa8 35. g4 Ra1 0-1


[Site "https://www.chess.com"]

[Event "Titled Tuesday Blitz November 15 Early 2022"]
[White "Rosenberg, Evan S"]
[Black "Nielsen, Viktor Haarmark"]
[WhiteFideId "2019299"]
[BlackFideId "1444492"]
[WhiteElo "2372"]
[BlackElo "2345"]
[Result "0-1"]
[Round "03"]
[TimeControl "180+1"]
[Date "2022.11.16"]
[WhiteClock "0:00:07"]
[BlackClock "0:00:15"]

1. d4 Nf6 2. Nf3 d5 3. c3 c6 4. Qc2 Bg4 5. Ne5 Bc8 6. Bf4 e6 7. h3 Nbd7 8. e3 Nxe5 9. Bxe5 Bd6 10. Nd2 Bxe5 11. dxe5 Nd7 12. f4 O-O 13. Nf3 f6 14. Bd3 fxe5 15. Bxh7+ Kh8 16. Ng5 e4 17. O-O-O Qf6 18. Qe2 Qh6 19. Qg4 Nf6 20. Qg3 Nxh7 21. h4 Nf6 22. c4 Bd7 23. Kb1 Kg8 24. h5 Rae8 25. Qh4 e5 26. cxd5 cxd5 27. g4 Bxg4 28. Rdg1 Bf5 29. Rg2 exf4 30. exf4 e3+ 31. Ka1 d4 32. Rhg1 Re7 33. Nf3 d3 34. Ne5 d2 35. Ng6 Bxg6 36. Rxg6 e2 37. Rxh6 d1=Q+ 0-1


[Site "https://www.chess.com"]

[Event "Titled Tuesday Blitz November 15 Early 2022"]
[White "Rostomyan, Mikayel"]
[Black "parintele_chess"]
[WhiteFideId "13313754"]
[WhiteElo "2009"]
[BlackElo "2223"]
[Result "1-0"]
[Round "03"]
[TimeControl "180+1"]
[Date "2022.11.16"]
[WhiteClock "0:00:37"]
[BlackClock "0:00:07"]

1. e4 e5 2. Nf3 Nc6 3. Nc3 Nf6 4. Bb5 Nd4 5. Nxd4 exd4 6. e5 dxc3 7. exf6 Qxf6 8. dxc3 Qe5+ 9. Be2 Bd6 10. g3 O-O 11. Bf4 Qe4 12. f3 Qg6 13. Bxd6 cxd6 14. Qd2 Qe6 15. Kf2 b6 16. Bd3 Bb7 17. Rae1 Qf6 18. Be4 d5 19. Bxd5 Bxd5 20. Qxd5 Rae8 21. Rxe8 Rxe8 22. Re1 Rf8 23. Qxd7 Qg6 24. Qd3 Qh5 25. Kg2 g6 26. b4 Qg5 27. h4 Qf6 28. Qd4 Qf5 29. Re2 h5 30. g4 hxg4 31. Qxg4 Qb5 32. Rf2 Qe5 33. h5 g5 34. f4 Qe4+ 35. Kh2 f6 36. Re2 Qc4 37. Qe6+ Qxe6 38. Rxe6 gxf4 39. Re4 f3 40. Rf4 Rc8 41. Rxf3 Kf7 42. Kg3 Ke6 43. Kf2 Rh8 44. Rh3 Kf5 45. c4 Kg4 46. Rh1 Rxh5 47. Rxh5 Kxh5 48. c5 bxc5 49. bxc5 Kg6 50. c6 Kf7 51. c7 Ke7 52. c8=Q Kd6 53. Qa8 Kc7 54. Qxa7+ Kd8 55. Qe3 1-0


[Site "https://www.chess.com"]

[Event "Titled Tuesday Blitz November 15 Early 2022"]
[White "Sadubayev, Airat"]
[Black "Dudzinski, Pawel"]
[WhiteFideId "13713264"]
[BlackFideId "1117890"]
[WhiteElo "2160"]
[BlackElo "2086"]
[Result "0-1"]
[Round "03"]
[TimeControl "180+1"]
[Date "2022.11.16"]
[WhiteClock "0:01:13"]
[BlackClock "0:00:21"]

1. d4 d5 2. c4 e6 3. Nf3 c6 4. g3 f5 5. Bg2 Nf6 6. O-O Be7 7. b3 O-O 8. a4 Bd7 9. Ba3 Be8 10. Bxe7 Qxe7 11. Ne5 Nbd7 12. Nxd7 Qxd7 13. Nc3 Bh5 14. Qd3 Ne4 15. Rfc1 Nxc3 16. Rxc3 f4 17. Qd2 g5 18. e3 fxg3 19. fxg3 Bf3 20. Rf1 Bxg2 21. Qxg2 Rxf1+ 22. Qxf1 Rf8 23. Qe2 Qf7 24. Rc1 Kg7 25. Re1 Qf3 26. Qxf3 Rxf3 27. g4 h5 28. gxh5 Kh6 29. Kg2 g4 30. b4 dxc4 31. b5 c3 32. bxc6 bxc6 33. Re2 Kxh5 34. a5 a6 35. Re1 Kg5 36. Re2 Kf5 37. e4+ Kf4 38. e5 Rd3 39. Kf2 Rd2 40. Rxd2 cxd2 41. Ke2 Ke4 42. Kxd2 Kxd4 0-1


[Site "https://www.chess.com"]

[Event "Titled Tuesday Blitz November 15 Early 2022"]
[White "Safin, Robert"]
[Black "Pg, Mohd Omar Ak Hira"]
[WhiteFideId "34189120"]
[BlackFideId "10500103"]
[WhiteElo "2253"]
[BlackElo "2184"]
[Result "1-0"]
[Round "03"]
[TimeControl "180+1"]
[Date "2022.11.16"]
[WhiteClock "0:00:14"]
[BlackClock "0:00:32"]

1. e4 c5 2. c3 d5 3. exd5 Qxd5 4. d4 cxd4 5. cxd4 e5 6. Nf3 e4 7. Nc3 Bb4 8. Ne5 Nc6 9. Bc4 Qxd4 10. Bxf7+ Kf8 11. Qxd4 Nxd4 12. O-O Nf6 13. Be3 Nc2 14. Rac1 Nxe3 15. fxe3 Bd6 16. Nc4 Bc5 17. Bd5 Ke7 18. Nxe4 Nxd5 19. Nxc5 Nf6 20. Ne5 b6 21. Nc6+ Kf7 22. Ne4 Be6 23. Ng5+ Kg6 24. Nxe6 Rhe8 25. Nc7 1-0


[Site "https://www.chess.com"]

[Event "Titled Tuesday Blitz November 15 Early 2022"]
[White "Salinas Herrera, Pablo"]
[Black "Ambartsumova, Karina"]
[WhiteFideId "3407128"]
[BlackFideId "4166299"]
[WhiteElo "2852"]
[BlackElo "2569"]
[Result "1/2-1/2"]
[Round "03"]
[TimeControl "180+1"]
[Date "2022.11.16"]
[WhiteClock "0:00:08"]
[BlackClock "0:00:07"]

1. d4 Nf6 2. Nf3 d5 3. Bf4 c5 4. e3 Nc6 5. Nbd2 Nh5 6. Be5 e6 7. c3 Nf6 8. Bg3 Bd6 9. Bb5 O-O 10. Bxc6 bxc6 11. Qa4 Bb7 12. Bxd6 Qxd6 13. Qa3 Nd7 14. Nb3 Rfb8 15. Nxc5 Nxc5 16. Qxc5 Qxc5 17. dxc5 a5 18. b3 Bc8 19. Ne5 Ra6 20. f4 f6 21. Nd3 Raa8 22. Kd2 Ba6 23. Rhc1 Bxd3 24. Kxd3 Rb5 25. Kd4 Re8 26. c4 e5+ 27. fxe5 fxe5+ 28. Kd3 Rxc5 29. cxd5 Rxd5+ 30. Ke2 Re6 31. Rc4 Red6 32. Rc2 Kf7 33. Rf1+ Ke7 34. Rfc1 Kd7 35. h3 h5 36. Rf1 Ke7 37. Rf5 g6 38. Rf1 Ke8 39. Rfc1 Kd7 40. Kf3 Rd2 41. Ke4 Rxc2 42. Rxc2 Ke6 43. Rc5 Rd2 44. Rxc6+ Kf7 45. g4 hxg4 46. hxg4 Rxa2 47. Kxe5 Ra3 48. Rc7+ Kg8 49. e4 Rxb3 50. Kf6 Rb6+ 51. Kg5 Ra6 52. Rc3 a4 53. Ra3 Kf7 54. e5 Ke6 55. Kxg6 Kxe5+ 56. Kg5 Kd4 57. Kh5 Kc4 58. g5 Kb4 59. Ra1 a3 60. g6 Ra8 61. g7 Kb3 62. Rb1+ Kc2 63. Rg1 a2 64. Rg2+ Kb1 65. Rg1+ Kb2 66. Rg2+ Kb1 67. Rg1+ Kb2 68. Kh6 a1=Q 69. Rxa1 Kxa1 70. Kh7 Ra7 71. Kh8 Rxg7 72. Kxg7 1/2-1/2


[Site "https://www.chess.com"]

[Event "Titled Tuesday Blitz November 15 Early 2022"]
[White "Salman, Pavel"]
[Black "Kula, Robert"]
[WhiteFideId "24153753"]
[BlackFideId "1101218"]
[WhiteElo "2187"]
[BlackElo "2184"]
[Result "0-1"]
[Round "03"]
[TimeControl "180+1"]
[Date "2022.11.16"]
[WhiteClock "0:00:03"]
[BlackClock "0:00:11"]

1. d4 d5 2. Nc3 c6 3. Bf4 Bf5 4. e3 Nf6 5. f3 e6 6. g4 Bg6 7. h4 h5 8. g5 Nfd7 9. Bd3 Bxd3 10. Qxd3 g6 11. e4 Nb6 12. O-O-O Bd6 13. Nge2 Nc4 14. Rhe1 Qb6 15. Na4 Qa6 16. b3 Ba3+ 17. Kb1 b5 18. Nac3 Nb2 19. Qe3 Nxd1 20. Rxd1 O-O 21. Ng3 Nd7 22. Be5 Nxe5 23. dxe5 Qb6 24. Qf4 Be7 25. Nce2 Kg7 26. Qc1 a5 27. f4 a4 28. f5 Bc5 29. Rd3 axb3 30. cxb3 dxe4 31. Nxe4 Ba3 32. Qf4 exf5 33. Nf6 Rfd8 34. Nd4 Rxd4 35. Rxd4 Rd8 36. Nd7 Qa5 37. e6 Qe1+ 38. Kc2 Qe2+ 39. Rd2 Qxe6 40. Qd4+ f6 41. Qxf6+ Qxf6 42. gxf6+ Kh7 43. f7 Kg7 44. f8=Q+ Bxf8 45. Ne5 Rxd2+ 46. Kxd2 c5 47. Ke3 Bd6 48. Nd7 Kf7 49. a4 bxa4 50. bxa4 Ke6 51. Nb6 Bc7 52. Nc4 Kd5 53. Kd3 Bd8 54. a5 Kc6 55. a6 Bxh4 56. Nd6 Bd8 57. Nf7 Bb6 58. Ne5+ Kd5 59. Nxg6 c4+ 60. Kc3 Bd4+ 61. Kc2 Ke4 62. Nh4 f4 63. Ng2 f3 64. Nh4 f2 65. a7 Bxa7 66. Nf3 Kxf3 67. Kc3 f1=Q 0-1


[Site "https://www.chess.com"]